Map: Abyssal Reef LE

Players

Serral - Winner!

  • Race: Zerg Zerg
  • Spawn Location: 5:00

PtitDrogo

  • Race: Protoss Protoss
  • Spawn Location: 11:00

Event: WCS Jonkoping 2017

VOD

Have the link to the VOD?

Description

Time

  • Played on: June 19, 2017, 6:41 a.m.
  • Length: 10:30

All games in this series

Show
View Real Time Build Order
Export as new Build Order

Serral Zerg - Winner!

Build Orders: Hatch First 

Get SALT Encoding   

  12  0:00  Drone  
  13  0:13  Overlord  
  13  0:17  Drone  
  14  0:32  Drone x2  
  14  0:35  Drone  
  17  0:53  Hatchery  
  17  0:55  Drone  
  17  0:58  Drone  
  18  1:09  Extractor  
  17  1:13  Spawning Pool  
  17  1:16  Drone  
  17  1:20  Drone  
  18  1:29  Drone  
  19  1:40  Overlord  
  19  1:52  Drone  
  20  1:59  Queen  
  20  2:01  Zergling x2  
  23  2:04  Queen  
  23  2:05  Zergling x2  
  26  2:09  Metabolic Boost  
  26  2:13  Drone  
  27  2:16  Drone  
  29  2:22  Drone  
  29  2:26  Drone  
  30  2:39  Hatchery  
  30  2:42  Drone  
  30  2:43  Drone  
  31  2:48  Zergling x2  
  31  2:53  Queen  
  31  2:57  Overlord  
  33  3:00  Drone  
  33  3:03  Drone  
  35  3:14  Overlord  
  35  3:17  Drone x4  
  35  3:18  Drone  
  40  3:20  Drone  
  40  3:23  Drone  
  42  3:29  Drone x2  
  42  3:32  Queen  
  46  3:38  Overlord  
  46  3:40  Drone  
  47  3:43  Spore Crawler  
  47  3:44  Spore Crawler  
  45  3:49  Drone x3  
  45  3:52  Evolution Chamber  
  45  3:54  Drone  
  48  3:57  Drone  
  48  3:59  Queen  
  48  4:02  Drone x2  
  53  4:04  Drone  
  54  4:10  Baneling Nest  
  54  4:11  Drone x2  
  54  4:14  Overlord  
  55  4:18  Spore Crawler  
  55  4:20  Zerg Melee Weapons Level 1  
  55  4:28  Overlord  
  55  4:31  Drone  
  55  4:32  Drone  
  55  4:35  Overlord  
  55  4:37  Zergling x2  
  55  4:38  Zergling x2  
  60  4:43  Zergling x2  
  60  4:44  Zergling x8  
  64  4:50  Overlord  
  64  4:52  Zergling x4  
  66  4:53  Drone  
  66  4:54  Drone  
  66  4:59  Zergling x2  
  68  5:00  Zergling x4, Overlord  
  68  5:01  Drone x2  
  70  5:11  Drone x2  
  70  5:12  Spore Crawler  
  70  5:13  Drone  
  70  5:14  Drone  
  71  5:15  Spore Crawler, Drone x2  
  71  5:19  Overlord  
  71  5:20  Drone x2  
  71  5:21  Spore Crawler  
  73  5:24  Lair  
  74  5:30  Extractor, Overlord  
  74  5:31  Extractor, Drone x3  
  74  5:33  Drone  
  76  5:40  Drone  
  76  5:47  Drone x3  
  76  5:48  Hatchery  
  75  5:52  Drone x4  
  75  5:53  Drone x3  
  82  5:58  Extractor, Overlord  
  82  5:59  Extractor  
  82  6:00  Extractor  
  82  6:01  Drone x3  
  82  6:02  Drone  
  83  6:05  Overlord  
  83  6:07  Drone  
  84  6:13  Overlord  
  85  6:26  Zergling x4  
  89  6:36  Zergling x4  
  89  6:37  Zergling x2, Drone  
  89  6:38  Hydralisk Den  
  89  6:39  Drone  
  92  6:47  Zergling x4, Drone  
  92  6:48  Hatchery, Overlord  
  92  6:49  Drone x3  
  92  6:52  Overlord  
  95  6:57  Zerg Melee Weapons Level 2  
  95  6:58  Centrifical Hooks  
  95  7:00  Queen  
  97  7:16  Spore Crawler, Drone x3  
  97  7:17  Drone x3  
  97  7:18  Hydralisk x4  
  97  7:19  Hydralisk x2  
  114  7:23  Hydralisk x4  
  114  7:24  Hydralisk  
  124  7:30  Drone  
  124  7:32  Hydralisk x2, Overlord x2  
  124  7:33  Hydralisk  
  131  7:41  Hydralisk x5  
  140  7:45  Muscular Augments  
  140  7:49  Zergling x8  
  144  7:55  Hatchery  
  144  7:57  Zergling x2  
  144  7:58  Zergling x8  
  148  8:02  Hydralisk x2  
  152  8:08  Hydralisk x3  
  157  8:13  Zergling x2  
  157  8:14  Zergling x12  
  164  8:20  Zergling x10  
  169  8:29  Zergling x2, Overlord  
  169  8:30  Zergling x8  
  174  8:36  Overlord x4  
  174  8:38  Baneling x3  
  174  8:39  Baneling x12  
  174  8:40  Baneling x2  
  174  8:41  Baneling x2  
  174  8:42  Baneling  
  174  8:48  Zergling x12  
  180  9:05  Queen  
  180  9:08  Zergling x14  
  180  9:09  Zergling x16  
  188  9:14  Zergling x2  
  188  9:15  Zergling x10  
  188  9:16  Zergling x2  
  182  9:34  Drone x7  
  182  9:35  Baneling  
  182  9:36  Baneling x12  
  189  9:43  Zergling x20  
  191  9:48  Zergling x10  
  191  9:50  Zergling x2  
  183  9:56  Drone  
  183  9:57  Infestation Pit  
  179  10:00  Zergling x10  
  179  10:01  Zergling x4  
  163  10:09  Zergling x2  
  163  10:10  Zergling x8  
  163  10:12  Drone x2  
Show
View Real Time Build Order
Export as new Build Order

PtitDrogo Protoss 

Build Orders: 1 Gate Expand, Oracle Opening 

Get SALT Encoding   

  12  0:01  Probe (Chrono Boost)  
  13  0:11  Probe (Chrono Boost)  
  14  0:18  Pylon  
  14  0:22  Probe (Chrono Boost)  
  15  0:36  Probe (Chrono Boost)  
  15  0:39  Gateway  
  16  0:46  Probe (Chrono Boost)  
  16  0:48  Assimilator  
  17  0:57  Probe (Chrono Boost)  
  18  1:08  Probe (Chrono Boost)  
  19  1:20  Nexus  
  19  1:23  Probe (Chrono Boost)  
  20  1:34  Cybernetics Core  
  20  1:37  Probe (Chrono Boost)  
  21  1:43  Assimilator  
  21  1:47  Probe (Chrono Boost)  
  21  1:53  Pylon  
  22  1:58  Probe (Chrono Boost)  
  23  2:11  Probe (Chrono Boost)  
  23  2:13  Adept (Chrono Boost)  
  23  2:14  Warp Gate  
  26  2:23  Probe  
  27  2:35  Probe x2  
  29  2:37  Stargate  
  29  2:42  Stalker (Chrono Boost)  
  31  2:45  Probe  
  31  2:47  Probe  
  33  2:56  Probe  
  33  2:57  Pylon  
  34  3:00  Probe (Chrono Boost)  
  35  3:08  Probe (Chrono Boost)  
  35  3:12  Probe (Chrono Boost)  
  37  3:18  Probe (Chrono Boost)  
  38  3:22  Probe (Chrono Boost)  
  38  3:23  Oracle (Chrono Boost)  
  42  3:27  Probe  
  42  3:29  Gateway  
  42  3:31  Gateway  
  42  3:32  Adept  
  42  3:34  Probe  
  46  3:38  Probe  
  47  3:41  Assimilator  
  47  3:44  Assimilator  
  47  3:46  Probe  
  48  3:49  Probe  
  48  3:52  Pylon  
  49  3:58  Probe, Oracle (Chrono Boost)  
  49  3:59  Probe  
  49  4:01  Pylon  
  54  4:10  Probe x2  
  56  4:20  Probe  
  56  4:22  Probe  
  56  4:23  Adept x2  
  62  4:25  Adept  
  62  4:31  Probe  
  64  4:34  Probe  
  64  4:37  Nexus  
  66  4:43  Pylon  
  67  4:45  Mothership Core  
  67  4:46  Probe  
  67  4:51  Pylon  
  69  4:58  Probe  
  70  5:05  Probe  
  71  5:10  Probe  
  68  5:15  Probe  
  69  5:23  Probe  
  69  5:24  Sentry x3  
  69  5:26  Probe  
  69  5:28  Twilight Council  
  73  5:29  Forge  
  73  5:30  Robotics Facility  
  73  5:35  Probe  
  74  5:37  Probe, Phoenix (Chrono Boost)  
  75  5:47  Probe x2, Sentry  
  75  5:48  Zealot x2, Probe  
  82  5:55  Assimilator  
  82  5:58  Probe, Assimilator  
  82  5:59  Probe x2  
  85  6:08  Probe  
  85  6:09  Probe  
  87  6:11  Probe  
  87  6:12  Protoss Ground Weapons Level 1  
  87  6:14  Gateway  
  87  6:17  Charge (Chrono Boost)  
  87  6:19  Probe  
  87  6:20  Probe, Gateway x2  
  87  6:23  Probe, Gateway  
  90  6:27  Warp Prism (Chrono Boost)  
  90  6:31  Probe  
  90  6:32  Probe  
  90  6:35  Probe  
  90  6:38  Pylon  
  92  6:40  Pylon, Templar Archives  
  92  6:43  Zealot x2  
  92  6:44  Zealot  
  100  6:48  Pylon  
  100  6:53  Gateway  
  98  6:55  Gateway  
  98  7:00  Observer (Chrono Boost)  
  99  7:06  Nexus  
  99  7:07  Pylon  
  99  7:09  Zealot x3  
  105  7:16  Immortal (Chrono Boost)  
  105  7:20  Robotics Facility  
  105  7:21  Psionic Storm  
  109  7:23  High Templar x4  
  109  7:27  Photon Cannon  
  117  7:30  Photon Cannon  
  117  7:32  Pylon  
  117  7:45  Probe  
  117  7:48  Immortal  
  118  7:53  Gateway  
  118  7:55  Gateway  
  118  7:57  Pylon  
  122  8:03  Photon Cannon  
  122  8:04  High Templar x2  
  126  8:06  Photon Cannon  
  126  8:09  Zealot x6  
  126  8:10  Archon  
  138  8:17  Immortal  
  140  8:22  Immortal  
  140  8:24  Zealot  
  142  8:28  Probe x3  
  142  8:30  Probe  
  142  8:33  High Templar, Assimilator  
  142  8:34  Assimilator  
  152  8:36  High Templar  
  152  8:39  Archon  
  152  8:40  High Templar x2  
  158  8:42  Photon Cannon  
  158  8:49  Zealot x3  
  158  8:52  Photon Cannon  
  164  8:59  Probe  
  164  9:00  Probe  
  164  9:02  Archon  
  162  9:08  Zealot  
  158  9:10  Zealot x3  
  158  9:12  Probe  
  158  9:14  Probe  
  158  9:15  Pylon  
  158  9:16  Pylon  
  148  9:17  Pylon  
  148  9:19  Immortal  
  148  9:24  Immortal  
  156  9:32  High Templar x4  
  164  9:39  Zealot x7  
  164  9:40  Archon x2  
  135  10:03  Zealot  
  135  10:04  Zealot x7  
  135  10:05  Zealot x3  
  122  10:17  Nexus  
Tags
 
Add a new tag
Caveats
  • Supply blocks, unpowered buildings, or Contaminate may cause inaccurate times.
  • Supply counts are checked every 10 seconds.